 Dungeon Crawl Stone Soup version 0.29.1-2-gbd0b4ee654 (webtiles) character file.

Game seed: 12324526298316678762

93 qeuew the Sneak (level 4, -1/21 HPs)
             Began as a Spriggan Enchanter on Nov 11, 2022.
             Slain by an orc
             ... wielding a +0 whip
              (3 damage)
             ... on level 2 of the Dungeon.
             The game lasted 00:03:39 (2834 turns).

qeuew the Sneak (Spriggan Enchanter)                Turns: 2834, Time: 00:03:39

Health: -1/21      AC:  2    Str:  2 (4)  XL:     4   Next: 36%
Magic:  9/9        EV: 18    Int: 16      God:
Gold:   87         SH:  5    Dex: 17      Spells: 7/9 levels left

rFire   . . .      SeeInvis +   a - +2 dagger (elec)
rCold   . . .      Faith    .   (no shield)
rNeg    . . .      Spirit   .   b - +0 robe
rPois   .          Reflect  +   (helmet restricted)
rElec   .          Harm     .   (no cloak)
rCorr   .          Rampage  .   (gloves unavailable)
Will    .....                   (boots unavailable)
Stlth   ++++......              g - amulet of reflection
HPRegen 0.07/turn               (no ring)
MPRegen 0.11/turn               (no ring)

@: invisible, very quick
A: very small, no large weapons, unfitting armour, see invisible, speed 3
a: no special abilities


You were on level 2 of the Dungeon.
You visited 1 branch of the dungeon, and saw 3 of its levels.

You collected 87 gold pieces.

Inventory:

Hand Weapons
 a - a +2 dagger of electrocution (weapon)
Armour
 b - a +0 robe (worn)
Jewellery
 g - an amulet of reflection (around neck)
Scrolls
 e - a scroll of acquirement
 j - a scroll of enchant weapon
Potions
 c - a potion of invisibility
 d - a potion of magic
 f - a potion of brilliance


   Skills:
 + Level 1.6 Short Blades
 + Level 3.2 Dodging
 * Level 6.8 Stealth
 + Level 3.1 Spellcasting
 + Level 4.0 Hexes


You had 7 spell levels left.
You knew the following spells:

 Your Spells              Type           Power      Damage    Failure   Level
a - Ensorcelled Hibernat  Hex/Ice        16%        N/A       12%         2

Your spell library contained the following spells:

 Spells                   Type           Power      Damage    Failure   Level
 Confusing Touch          Hex            15%        N/A       11%         3
 Tukima's Dance           Hex            15%        N/A       11%         3
 Dazzling Flash           Conj/Hex       16%        N/A       24%         3
 Blink                    Tloc           4%         N/A       28%         2
 Lesser Beckoning         Tloc           2%         N/A       50%         3
 Spider Form              Tmut/Pois      2%         N/A       50%         3
 Anguish                  Hex/Necr       4%         N/A       63%         4
 Manifold Assault         Tloc           2%         N/A       99%         5


Dungeon Overview and Level Annotations

Branches:
Dungeon (3/15)

Altars:
Ru

Shops:
D:1 ([*


Innate Abilities, Weirdness & Mutations

You are very small and have problems with some larger weapons.
You are too small for most types of armour.
You have supernaturally acute eyesight. (SInv)
You cover ground extremely quickly. (Speed+++)


Message History

You climb upwards.
There is a stone staircase leading down here.
You hit the giant cockroach.
The giant cockroach is heavily wounded.
The giant cockroach closely misses you.
You hit the giant cockroach but do no damage.
Lightning courses through the giant cockroach!
You kill the giant cockroach!
No target in view!
No target in view!
No target in view!
Your hearing returns.
You climb downwards.
The bat hits you but does no damage. The orc closely misses you.
The bat misses you. The orc barely misses you.
The goblin completely misses you.
There is a stone staircase leading up here.
The bat hits you. The orc hits you with a +0 mace.
The goblin hits you with a +0 club.
The orc grunts to no one in particular.
The orc closely misses you.
You climb upwards.
There is a stone staircase leading down here.
You barely miss the orc. The orc barely misses you. x2
The orc hits you with a +0 flail!
* * * LOW HITPOINT WARNING * * *
Unknown command.
You fade into invisibility!
The orc misses you. The orc closely misses you. You block the orc's attack.
Okay, then.
You barely miss the orc. You block the orc's attack. The orc misses you.
You block the orc's attack.
You catch the helpless orc completely off-guard!
You impale the orc!! Lightning courses through the orc!
You kill the orc!
The orc completely misses you. The orc hits you but does no damage.
You completely miss the goblin. You closely miss the goblin.
The orc hits you with a +0 mace.
* * * LOW HITPOINT WARNING * * *
The orc hits you with a +0 whip.
You die...

#.##########.#.###
.................#
#####
#............#.#.#
#....
##############.#.#
#.### #.#.# #.# ###
#.#.# #.# ..# #.#.#
#.# #.# #.#g# #.###
#.# #.#@# #.#.# #.#
#.oo########## #....
#.#
#..(..[......#####.#
#.#
#...########..####.#
#.# #...# #.....##.#
#.# #<..# #......#.#
#.#
#...#######..8...#.#
..#
###........[.........#
..#
#....)##.####.....####


You could see 2 orcs and a goblin (wandering, unable to see you).

Vanquished Creatures
  A howler monkey skeleton (D:2)
  An adder (D:2)
  2 adder zombies (D:2)
  An adder skeleton (D:2)
  4 dart slugs
  An orc (D:2)
  4 endoplasms
  4 giant cockroaches (D:2)
  3 goblins
  9 hobgoblins
  6 kobolds
  3 quokkas
  4 ball pythons
  A ball python zombie (D:2)
  3 bats (D:1)
  3 frilled lizards
  A quokka skeleton (D:2)
  3 rats (D:1)
54 creatures vanquished.

Notes
Turn   | Place    | Note
-------+----------+-------------------------------------------
     0 | D:1      | qeuew the Spriggan Enchanter began the quest for the Orb.
     0 | D:1      | Reached XP level 1. HP: 9/9 MP: 5/5
    64 | D:1      | Found Huirock's Weapon Shop.
   282 | D:1      | Found Voakk's Armour Shoppe.
   291 | D:1      | You fall into a shaft and drop 1 floor!
   319 | D:2      | Reached XP level 2. HP: 6/13 MP: 6/6
   322 | D:2      | Learned a level 2 spell: Ensorcelled Hibernation
   711 | D:1      | Reached skill level 5 in Stealth
   835 | D:1      | Found Wekibeb's General Store.
   964 | D:1      | Reached XP level 3. HP: 16/16 MP: 8/8
  1832 | D:2      | Reached skill level 6 in Stealth
  2206 | D:2      | Reached XP level 4. HP: 21/21 MP: 9/9
  2251 | D:2      | Found a sacrificial altar of Ru.
  2785 | D:2      | Identified a scroll of acquirement
  2834 | D:2      | Slain by an orc

Illustrated notes

Levels and vault maps discovered:
D:1:      psy_arrival_basics, layout_basic, serial_shops,
          nicolae_shop_window_shopping, shop, nicolae_shop_bloodbath_and_beyond
D:2:      layout_loops_ring, basic_altar, serial_undead, serial_undead_c,
          serial_undead_a, serial_undead_d, serial_undead_d, minmay_pentomino_r2
D:3:      layout_rooms, minmay_checkerbox

Skill      XL: |  1  2  3 |
---------------+----------+-----
Dodging        | 3 |  3.2
Stealth        | 5 6 |  6.8
Spellcasting   | 3 |  3.1
Hexes          | 4 |  4.0
Short Blades   | |  1.6

Action                   |  1- 3 |  4- 6 || total
-------------------------+-------+-------++-------
Melee: Dagger            |   138 |    32 ||   170
 Cast: Ensorcelled Hiber |     1 |       ||     1
  Use: Scroll            |     7 |     2 ||     9
       Potion            |     2 |     1 ||     3
 Stab: Sleeping          |    10 |     2 ||    12
       Distracted        |     1 |       ||     1
       Invisible         |       |     1 ||     1
Armor: Robe              |     7 |     4 ||    11
Dodge: Dodged            |    88 |    36 ||   124
Block: Other             |       |     4 ||     4
